 Dungeon Crawl Stone Soup version 0.25-a0-1007-g10a8c3caa8 (webtiles) character file.

Game seed: 14212486716342222094, levelgen mode: deterministic

674 tilp the Vexing (level 7, -1/43 HPs)
             Began as a Kobold Arcane Marksman on May 12, 2020.
             Hit by a boomerang thrown by an orc (4 damage)
             ... on level 4 of the Dungeon.
             The game lasted 00:11:33 (5945 turns).

tilp the Vexing (Kobold Arcane Marksman)            Turns: 5945, Time: 00:11:34

Health: -1/43      AC:  8    Str: 10    XL:     7   Next: 90%
Magic:  10/10      EV: 14    Int: 14    God:
Gold:   237        SH:  6    Dex: 15    Spells: 4/10 levels left

rFire    . . .     SeeInvis .   b - +2 dagger (venom)
rCold    . . .     Gourm    .   p - +0 buckler
rNeg     . . .     Faith    .   m - +0 leather armour
rPois    .         Spirit   .   (no helmet)
rElec    .         Reflect  .   e - +2 cloak
rCorr    .         Harm     .   q - +1 pair of gloves
MR       .....                  (no boots)
Stlth    +.........             (no amulet)
HPRegen  0.14/turn              (no ring)
MPRegen  0.12/turn              (no ring)

@: no status effects
A: small, carnivore
a: no special abilities


You were on level 4 of the Dungeon.
You were completely stuffed.

You visited 1 branch of the dungeon, and saw 4 of its levels.

You collected 237 gold pieces.

Inventory:

Hand Weapons
 a - a +1 hand crossbow
 b - a +2 dagger of venom (weapon)
 c - a +0 hand axe
 r - a +0 flail
Missiles
 d - 26 bolts
Armour
 e - a +2 cloak (worn)
 m - a +0 leather armour (worn)
 p - a +0 buckler (worn)
 q - a +1 pair of gloves (worn)
Jewellery
 x - a +3 ring of dexterity {unknown}
Wands
 t - a wand of polymorph (10)
Scrolls
 g - a scroll of amnesia {unknown}
 h - 3 scrolls of enchant weapon
 i - 2 scrolls of remove curse {unknown}
 l - a scroll of teleportation
 n - a scroll of magic mapping
 s - a scroll of fear {unknown}
 u - a scroll of enchant armour
 v - a scroll of identify
 w - a scroll of immolation {unknown}
Potions
 k - 3 potions of curing
 o - a potion of brilliance
Comestibles
 f - 10 rations
 j - a chunk of flesh


   Skills:
 - Level 4.0 Fighting
 - Level 2.4 Crossbows
 - Level 2.4 Dodging
 - Level 4.0 Shields
 - Level 2.0 Spellcasting
 + Level 5.6 Hexes


You had 4 spell levels left.
You knew the following spells:

 Your Spells              Type           Power        Failure   Level  Hunger
a - Corona                Hex            ###....      3%          1    ##.....
b - Slow                  Hex            ###.....     5%          2    ###....
c - Tukima's Dance        Hex            ###.....     11%         3    ####...

Your spell library contained the following spells:

 Spells                   Type           Power        Failure   Level  Hunger
 Confusing Touch          Hex            ###.....     11%         3    ####...
 Ensorcelled Hibernation  Hex/Ice        #.....       19%         2    ###....
 Dazzling Flash           Conj/Hex       #.....       34%         3    ####...
 Inner Flame              Hex/Fire       #.......     34%         3    ####...
 Portal Projectile        Hex/Tloc       #.....       34%         3    ####...
 Cause Fear               Hex            ###.......   36%         4    #####..
 Leda's Liquefaction      Hex/Erth       #.........   75%         4    #####..


Dungeon Overview and Level Annotations

Branches:
Dungeon (4/15)
 Temple: D:4-7

Altars:
Vehumet

Annotations:
D:4 3 runed translucent doors


Innate Abilities, Weirdness & Mutations

You are small and have problems with some larger weapons.
You are carnivorous and can eat meat at any time.


Message History

You hit the orc.
You kill the orc!
Unknown command.
There is an open door, spattered with blood here.
Things that are here:
a +0 flail; a +0 ring mail; an orc corpse The orc priest calls down the wrath of Beogh upon you.
Beogh smites you!
* * * LOW HITPOINT WARNING * * *
You hit the orc priest but do no damage.
The orc priest is poisoned.
The orc priest hits you with a +0 club.
* * * LOW HITPOINT WARNING * * *
You hit the orc priest.
The orc priest looks as sick as possible!
The orc priest is heavily wounded.
The ogre hits you with a +0 giant spiked club!
* * * LOW HITPOINT WARNING * * *
You kill the orc priest!
The orc throws a boomerang.
The boomerang hits you.
You die...

.....# .....# .. .....# ....
.....###############+###+##.....
.................................
.................................
.................................
.................)O..............
................@.)oo............
########+###'#####)###...........
..........#....#.....#...........
..........#....#.....#...........
..........#....#...[.#...........
#'###...######'###...######o.....
..###...####...#####+# #.o....
.........#...........# #......
........รท'...........# #o.....


You could see an ogre, an orc wizard and an orc.

Vanquished Creatures
  A centaur (D:3)
  An ogre (D:4)
  A scorpion (D:4)
  A howler monkey (D:3)
  2 orc priests
  2 orc wizards (D:4)
  2 bullfrog skeletons (D:4)
  2 worker ants (D:4)
  4 gnolls (D:4)
  5 adders
  2 oozes (D:3)
  3 dart slugs
  3 leopard geckos
  8 orcs
  A ball python (D:2)
  13 bats
  9 giant cockroaches
  9 goblins
  7 hobgoblins
  9 jackals
  6 kobolds
  A quokka (D:2)
  5 frilled lizards
  8 rats
105 creatures vanquished.

Vanquished Creatures (others)
  An adder (D:2)
  A rat (D:2)
2 creatures vanquished.

Grand Total: 107 creatures vanquished

Notes
Turn   | Place    | Note
-------+----------+-------------------------------------------
     0 | D:1      | tilp the Kobold Arcane Marksman began the quest for the
                  | Orb.
     0 | D:1      | Reached XP level 1. HP: 12/12 MP: 2/2
   108 | D:1      | Reached XP level 2. HP: 13/17 MP: 1/3
   799 | D:1      | Reached XP level 3. HP: 10/23 MP: 1/4
  1336 | D:1      | Learned a level 2 spell: Slow
  1712 | D:2      | Found a radiant altar of Vehumet.
  2032 | D:2      | Reached XP level 4. HP: 12/29 MP: 2/5
  3034 | D:3      | Reached skill level 1 in Shields
  3034 | D:3      | Reached XP level 5. HP: 21/33 MP: 3/7
  3736 | D:3      | Noticed a centaur
  4095 | D:3      | Killed a centaur
  4095 | D:3      | Reached skill level 4 in Hexes
  4095 | D:3      | Reached XP level 6. HP: 24/38 MP: 9/9
  4350 | D:4      | Noticed an ogre
  4367 | D:4      | Killed an ogre
  4525 | D:4      | Found a runed translucent gate.
  4525 | D:4      | Found a runed translucent gate.
  4526 | D:4      | Found a runed translucent gate.
  4541 | D:4      | Reached XP level 7. HP: 37/43 MP: 10/10
  5409 | D:4      | Learned a level 3 spell: Tukima's Dance
  5592 | D:4      | Reached skill level 5 in Hexes
  5945 | D:4      | Hit by a boomerang thrown by an orc

Illustrated notes

Levels and vault maps discovered:
D:1:      mainiacjoe_arrival_reflecting_pool, layout_loops_ring
D:2:      layout_rooms, fiery_altar_vehumet, first_ration,
          kennysheep_cross_bottleneck
D:3:      layout_basic, st_stairs_11, grunt_ministairs_1
D:4:      layout_gridville, gammafunk_ghost_necromancy, minmay_cut_off

Skill      XL: |  1  2  3  4  5  6  7 |
---------------+----------------------+-----
Fighting       | 2 3 4 |  4.0
Shields        | 1 2 3 4 |  4.0
Spellcasting   | 2 |  2.0
Hexes          | 4 5 |  5.6
Crossbows      | |  2.4
Dodging        | |  2.4

Action                   |  1- 3 |  4- 6 |  7- 9 || total
-------------------------+-------+-------+-------++-------
Melee: Dagger            |   199 |    69 |    85 ||   353
       Flail             |       |    35 |       ||    35
 Fire: Hand crossbow     |    15 |    61 |    25 ||   101
 Cast: Corona            |    32 |    12 |     1 ||    45
       Slow              |       |     1 |       ||     1
  Use: Scroll            |     4 |     5 |       ||     9
       Potion            |       |     1 |       ||     1
  Eat: Chunk             |    13 |     8 |     5 ||    26
Armor: Robe              |    16 |       |       ||    16
       Leather armour    |    37 |    34 |    18 ||    89
Dodge: Dodged            |   219 |   127 |    71 ||   417
Block: Buckler           |       |       |     3 ||     3

Table legend:
 A = Non-vault XP
 B = Vault XP
 C = Vault XP percentage of total XP
 D = Non-vault monster count
 E = Vault monster count
 F = Vault count percentage of total count
                 A         B        C        D         E       F
            +---------+---------+-------+---------+---------+-------
      Total |     889 |      74 |   7.7 |      98 |       7 |   6.7
            +---------+---------+-------+---------+---------+-------
        D:1 |      47 |       0 |   0.0 |      28 |       0 |   0.0
        D:2 |      54 |       0 |   0.0 |      16 |       0 |   0.0
        D:3 |     282 |      19 |   6.3 |      28 |       5 |  15.2
        D:4 |     506 |      55 |   9.8 |      26 |       2 |   7.1
            +---------+---------+-------+---------+---------+-------
